 Dungeon Crawl Stone Soup version 0.28-a0-723-g095bd1b44f (webtiles) character file.

Game seed: 101714919947517479

47 Sabo the Skirmisher (level 3, 0/29 HPs)
             Began as a Demonspawn Fighter on Oct 26, 2021.
             Succumbed to a scorpion's poison
             ... on level 2 of the Dungeon.
             The game lasted 00:06:09 (1621 turns).

Sabo the Skirmisher (Demonspawn Fighter)            Turns: 1621, Time: 00:06:10

Health: 0/29       AC:  8    Str: 17    XL:     3   Next: 48%
Magic:  3/3        EV:  9    Int:  9    God:
Gold:   37         SH:  4    Dex: 12    Spells: 2/2 levels left

rFire   + . .      SeeInvis .   a - +0 war axe
rCold   + . .      Faith    .   c - +0 buckler
rNeg    . . .      Spirit   .   b - +0 scale mail
rPois   +          Reflect  .   (no helmet)
rElec   +          Harm     .   (no cloak)
rCorr   +          Rampage  .   (no gloves)
Will    .....                   (no boots)
Stlth   ..........              (no amulet)
HPRegen 0.09/turn               (no ring)
MPRegen 0.08/turn               (no ring)

@: lethally poisoned (0 -> -5), resistant, flying, hasted, very quick
A: thin metallic scales 1
a: no special abilities


You were on level 2 of the Dungeon.
You visited 1 branch of the dungeon, and saw 2 of its levels.

You collected 37 gold pieces.

Inventory:

Hand Weapons
 a - a +0 war axe (weapon)
Missiles
 f - 7 bolts
Armour
 b - a +0 scale mail (worn)
 c - a +0 buckler (worn)
Scrolls
 h - a scroll of noise {unknown}
 k - a scroll of silence {unknown}
Potions
 d - a potion of might
 e - a potion of resistance
 j - a potion of curing {unknown}


   Skills:
 + Level 3.3 Fighting
 + Level 2.3 Axes
 + Level 3.2 Armour
 + Level 0.1 Dodging
 + Level 3.0 Shields


You had 2 spell levels left.
You didn't know any spells.
Your spell library contained the following spells:

 Spells                   Type           Power      Damage    Failure   Level
 Inner Flame              Hex/Fire       0%         N/A       99%         3
 Cause Fear               Hex            0%         N/A       100%        4
 Discord                  Hex            0%         N/A       100%        8


Dungeon Overview and Level Annotations

Branches:
Dungeon (2/15)

Altars:

Shops:
D:1 [


Innate Abilities, Weirdness & Mutations

You are partially covered in thin metallic scales. (AC +2)


Message History

You feel very sick. The scorpion barely misses you.
You block the scorpion's attack.
You closely miss the scorpion.
The scorpion is lightly wounded.
You feel very sick. You block the scorpion's attack.
You hit the scorpion.
The scorpion is heavily wounded.
You feel sick. The scorpion closely misses you.
You block the scorpion's attack.
You barely miss the scorpion.
The scorpion is moderately wounded.
You feel sick. You block the scorpion's attack. The scorpion barely misses you.
You closely miss the scorpion.
The scorpion is moderately wounded.
You feel sick. You block the scorpion's attack.
You hit the scorpion but do no damage.
The scorpion is moderately wounded.
You feel sick. The scorpion closely misses you.
The scorpion stings you but does no damage.
You hit the scorpion but do no damage.
The scorpion is moderately wounded.
You feel sick.
You are no longer poisoned.
The scorpion barely misses you. The scorpion stings you.
* * * LOW HITPOINT WARNING * * *
You are lethally poisoned!
The scorpion poisons you!
It was a potion of resistance.
You feel protected.
* * * LOW HITPOINT WARNING * * *
You feel sick.
The scorpion stings you but does no damage.
It was a potion of flight.
You feel very buoyant.
You fly up into the air.
* * * LOW HITPOINT WARNING * * *
You feel sick. The scorpion closely misses you.
It was a potion of haste.
You feel yourself speed up.
You die...

#################
#....s@.........#
#.#############.#
#.#
#######.######
#......>.....##
#.#####.####... #
...# #### #.
##### #..


You could see a scorpion.

Vanquished Creatures
  An adder (D:2)
  2 dart slugs (D:1)
  4 ball pythons (D:1)
  2 bats (D:1)
  3 endoplasms
  A giant cockroach (D:1)
  A hobgoblin (D:1)
  5 jackals (D:1)
  A quokka (D:1)
  5 frilled lizards
  3 goblins (D:1)
  A kobold (D:1)
  4 rats (D:1)
33 creatures vanquished.

Notes
Turn   | Place    | Note
-------+----------+-------------------------------------------
     0 | D:1      | Sabo the Demonspawn Fighter began the quest for the Orb.
     0 | D:1      | Reached XP level 1. HP: 18/18 MP: 1/1
   287 | D:1      | Gained mutation: You are partially covered in thin metallic
                  | scales. (AC +2) [demonic ancestry]
   287 | D:1      | Reached XP level 2. HP: 17/24 MP: 2/2
  1061 | D:1      | Reached XP level 3. HP: 29/29 MP: 3/3
  1076 | D:1      | Found Gexeod's Antique Armour Shop.
  1607 | D:2      | Noticed a scorpion
  1620 | D:2      | HP: 1/29 [poisoned by a scorpion]
  1621 | D:2      | Succumbed to a scorpion's poison

Illustrated notes

Levels and vault maps discovered:
D:1:      lemuel_arrival_behind_the_door_large, layout_basic, serial_shops,
          nicolae_shop_statue_plus
D:2:      layout_loops_ring, serial_shops, nicolae_shop_trees,
          hellmonk_ecumenical_altar_prayer_group

Skill      XL: |  1  2 |
---------------+-------+-----
Armour         | 3 |  3.2
Shields        | 3 |  3.0
Axes           | 2 |  2.3
Fighting       | |  3.3
Dodging        | |  0.1

Action                   || total
-------------------------++-------
Melee: War axe           ||   111
  Use: Potion            ||     3
Armor: Scale mail        ||    69
Dodge: Dodged            ||    57
Block: Buckler           ||    17

Table legend: (Time is in decaauts)
 A = Elapsed time spent in this place.
 B = Non-inter-level travel time spent in this place.
 C = Inter-level travel time spent in this place.
 D = Time resting spent in this place.
 E = Time spent auto-exploring this place.
 F = Levels seen in this place.
 G = Mean time per level.
                   A        B        C        D        E       F      G
               +--------+--------+--------+--------+--------+-----+--------+
         Total |   1668 |   1668 |      0 |    555 |      0 |   2 |  834.0 |
       Dungeon |   1668 |   1668 |      0 |    555 |      0 |   2 |  834.0 |
               +--------+--------+--------+--------+--------+-----+--------+

Top non-repeatable levels by time:
     D:1: 1503 daAuts
     D:2: 165 daAuts
